 Dungeon Crawl Stone Soup version 0.22-a0-136-g83a10e5898 (webtiles) character file.

759 MrRokkomies the Ducker (level 7, -6/35 HPs)
             Began as a Spriggan Abyssal Knight on Feb 2, 2018.
             Was a Priest of Lugonu.
             Mangled by a wyvern zombie (14 damage)
             ... on level 6 of the Dungeon.
             The game lasted 00:14:06 (5497 turns).

MrRokkomies the Ducker (Spriggan Abyssal Knight)    Turns: 5497, Time: 00:14:06

Health: -6/35      AC:  3    Str:  8    XL:     7   Next: 50%
Magic:  9/9        EV: 23    Int: 15    God:    Lugonu [***...]
Gold:   551        SH:  0    Dex: 16    Spells: 4/6 levels left

rFire    . . .     SeeInvis +   a - +2 short sword (venom)
rCold    . . .     Gourm    .   (shield restricted)
rNeg     . . .     Faith    .   b - +1 robe
rPois    .         Spirit   .   (helmet restricted)
rElec    .         Reflect  .   t - scarf {cloud immunity}
rCorr    .         Harm     .   (gloves unavailable)
MR       +....                  (boots unavailable)
Stlth    ++........             (no amulet)
HPRegen  0.11/turn              (no ring)
MPRegen  0.11/turn              (no ring)

@: very quick
A: very small, unfitting armour, see invisible, herbivore, speed 3, slow
metabolism 2
a: Depart the Abyss, Bend Space, Banish, Renounce Religion


You were on level 6 of the Dungeon.
You worshipped Lugonu.
Lugonu was most pleased with you.
You were not hungry.

You visited 1 branch of the dungeon, and saw 6 of its levels.
You visited the Abyss 1 time.
You also visited: Ossuary.

You collected 551 gold pieces.

Inventory:

Hand Weapons
 a - a +2 short sword of venom (weapon)
Missiles
 h - 31 poisoned needles
Armour
 b - a +1 robe (worn)
 t - a scarf of cloud immunity (worn)
Jewellery
 g - a +3 amulet of reflection {unknown}
Wands
 f - a wand of iceblast (8)
Scrolls
 d - 2 scrolls of amnesia
 e - 5 scrolls of teleportation
 p - 2 scrolls of immolation
 u - 3 scrolls of enchant armour
 w - a scroll of acquirement {unknown}
 x - a scroll of enchant weapon
Potions
 j - a potion of mutation {unknown}
 k - a potion of berserk rage {unknown}
 l - 4 potions of curing
 m - 3 potions of heal wounds
 n - 2 potions of agility
 o - a potion of might {unknown}
 q - a potion of resistance
 r - a potion of ambrosia {unknown}
 v - a potion of degeneration {unknown}
Books
 i - the Reference Book on Ice
   (You found it on level 2 of the Abyss)

   Spells                             Type                      Level
   a - Throw Frost                    Conjuration/Ice              2
   b - Ice Form                       Ice/Transmutation            4
   c - Bolt of Cold                   Conjuration/Ice              6
 s - Kikubaaqudgha's Reference Book on Necromancy
   (You found it on level 3 of the Dungeon)

   Spells                             Type                      Level
   a - Animate Skeleton               Necromancy                   1
Comestibles
 c - 9 rations


   Skills:
 - Level 2.4 Fighting
 * Level 7.4 Short Blades
 * Level 7.7 Dodging
 + Level 3.2 Stealth
 - Level 1.7 Invocations


You had 4 spell levels left.
You knew the following spells:

 Your Spells              Type           Power        Failure   Level  Hunger
a - Throw Frost           Conj/Ice       #.....       38%         2    ###....


Dungeon Overview and Level Annotations

Branches:
Dungeon (6/15)
 Temple: D:4-7

Altars:
Kikubaaqudgha
Makhleb
Sif Muna
Trog
Vehumet
Zin

Shops:
D:6 **%[

Annotations:
D:4 Zaque's ghost, amateur OpTm
D:5 MrRokkomies's ghost, novice CeAK


Innate Abilities, Weirdness & Mutations

You are very small and have problems with some larger weapons.
You are too small for most types of armour.
You have supernaturally acute eyesight. (SInv)
You are a herbivore.
You cover ground extremely quickly.
You need consume almost no food.


Message History

You hit the wyvern zombie.
The wyvern zombie is heavily damaged.
The wyvern zombie completely misses you.
You hit the wyvern zombie.
The wyvern zombie is heavily damaged.
The wyvern zombie bites you.
You hit the wyvern zombie.
The wyvern zombie is severely damaged.
The wyvern zombie bites you!
You hit the wyvern zombie but do no damage.
The wyvern zombie is severely damaged.
The wyvern zombie bites you!
* * * LOW HITPOINT WARNING * * *
You barely miss the wyvern zombie.
The wyvern zombie is severely damaged.
The wyvern zombie closely misses you.
You hit the wyvern zombie.
The wyvern zombie is severely damaged.
The wyvern zombie bites you!
You die...

......# ##8##.. #.# ##....#..
.#....# ####.# #.# ..([.....
.#....# #.# #.# #####.##.# .#....#
#.# #.# .......... .#....# #.# #.#
#####.#... ......#######.# #.# #
#.## .........#.##.# #.# #.##
.#.#..#..#.##.######.# #..o
........?.......@Z...# ########
...........##.######## #.......
.._........<..### ########
......#..#......# #
......#..#..###.# # #......>....#
#.# # ##.......#..# #.# ###########
# #....##.#..###.####.........####
#####ยงยง#.#.......................


You could see a wyvern zombie.

Vanquished Creatures
  A sky beast (D:5)
  An ogre (D:3)
  A centaur (D:5)
  A bullfrog (D:6)
  2 crimson imps (D:5)
  2 hounds
  2 orc wizards (D:4)
  A worker ant (D:5)
  A howler monkey zombie (D:6)
  4 gnolls (D:6)
  6 adders
  An adder zombie (D:5)
  A worm (D:2)
  2 dart slugs
  A leopard gecko (D:2)
  5 orcs
  A ball python (D:4)
  2 giant cockroaches (D:1)
  8 goblins
  11 hobgoblins
  3 quokkas
  9 bats
  4 frilled lizards
  4 goblin zombies (Ossuary)
  6 hobgoblin zombies (Ossuary)
  11 kobolds
  2 kobold zombies (Ossuary)
  A leopard gecko skeleton (D:3)
  A quokka skeleton (D:5)
  6 rats
101 creatures vanquished.

Vanquished Creatures (others)
  A phantom (D:5)
1 creature vanquished.

Grand Total: 102 creatures vanquished

Notes
Turn   | Place    | Note
-------+----------+-------------------------------------------
     0 | Abyss:1  | MrRokkomies the Spriggan Abyssal Knight began the quest for the Orb.
     0 | Abyss:1  | Reached XP level 1. HP: 11/11 MP: 3/3
    77 | Abyss:2  | Noticed a small abomination
   106 | Abyss:2  | Identified the Reference Book on Ice
   126 | Abyss:2  | Noticed a chaos spawn
   129 | Abyss:2  | Noticed a ynoxinul
   137 | Abyss:2  | Noticed an ancient zyme
   139 | D:1      | Escaped the Abyss
   865 | D:1      | Reached XP level 2. HP: 13/16 MP: 4/4
  1039 | D:1      | Reached * piety under Lugonu
  1411 | D:2      | Reached XP level 3. HP: 15/19 MP: 5/5
  1788 | D:2      | Learned a level 2 spell: Throw Frost
  1897 | D:2      | Reached skill level 5 in Dodging
  1897 | D:2      | Reached skill level 1 in Stealth
  1897 | D:2      | Reached XP level 4. HP: 20/23 MP: 1/6
  2471 | D:3      | Reached ** piety under Lugonu
  2634 | D:3      | Found a radiant altar of Vehumet.
  2637 | D:3      | Found an ancient bone altar of Kikubaaqudgha.
  2637 | D:3      | Found a deep blue altar of Sif Muna.
  2641 | D:3      | Identified Kikubaaqudgha's Reference Book on Necromancy
  2726 | D:3      | Noticed an ogre
  2743 | D:3      | Killed an ogre
  2743 | D:3      | Reached skill level 5 in Short Blades
  2743 | D:3      | Reached XP level 5. HP: 27/27 MP: 0/7
  2783 | D:3      | Found a bloodstained altar of Trog.
  2783 | D:3      | Found a glowing silver altar of Zin.
  2968 | D:4      | Noticed a phantom
  3116 | D:4      | Noticed Zaque's ghost (amateur OpTm)
  3329 | D:5      | Entered Level 5 of the Dungeon
  3378 | D:5      | Reached XP level 6. HP: 28/32 MP: 8/8
  4127 | D:5      | Noticed MrRokkomies's ghost (novice CeAK)
  4131 | D:5      | Noticed a sky beast
  4144 | D:5      | Killed a sky beast
  4144 | D:5      | Reached XP level 7. HP: 35/35 MP: 9/9
  4158 | D:6      | Found Kitwoipy's General Store.
  4194 | D:6      | Found a sand-covered staircase.
  4203 | Ossuary  | Entered an ossuary
  4203 | Ossuary  | Noticed a wraith
  4203 | Ossuary  | Noticed a wraith
  4203 | Ossuary  | Noticed a wraith
  4238 | Ossuary  | Noticed a wraith
  4477 | D:6      | Found a bloodstained altar of Trog.
  4596 | D:6      | Found Ahaciuf's Food Boutique.
  4668 | D:6      | Found Byvoa's Armour Emporium.
  4752 | D:6      | Found a burning altar of Makhleb.
  4798 | D:6      | Found Etirghex's Assorted Antiques.
  4822 | D:6      | Reached *** piety under Lugonu
  5497 | D:6      | Mangled by a wyvern zombie

Vault maps used:
D:1:      dpeg_arrival_fog, hangedman_decor_points
D:2:      kennysheep_six_static_rooms, first_ration, minmay_misc_feat_pillars
D:3:      grunt_temple_overflow_magic_moments, gammafunk_temple_overflow_statue
D:4:      chequers_temple_overflow_statue_of_worship
D:5:      serial_shops, nicolae_shop_competitors_out_of_business, minivault_5,
          abandoned_shop, lemuel_old_faithful
D:6:      lightli_temple_of_fire, gup_sewer_entry_bowl,
          chequers_ossuary_entry_cave, serial_shops, shop_coins, shop_coins,
          shop, kennysheep_mini_moat, basic_altar
Ossuary:  ossuary_kennysheep_city_of_the_dead

Skill      XL: |  1  2  3  4  5  6  7 |
---------------+----------------------+-----
Dodging        | 4 5 6 7 |  7.7
Short Blades   | 3 5 6 7 |  7.4
Stealth        | 1 2 3 |  3.2
Fighting       | |  2.4
Invocations    | |  1.7

Action                   |  1- 3 |  4- 6 |  7- 9 || total
-------------------------+-------+-------+-------++-------
Melee: Short sword       |   142 |   171 |   104 ||   417
 Cast: Throw Frost       |     1 |     2 |       ||     3
Invok: Depart the Abyss  |     1 |       |       ||     1
Evoke: Wand              |       |     1 |       ||     1
  Use: Scroll            |    10 |     4 |     2 ||    16
       Potion            |       |       |     1 ||     1
 Stab: Sleeping          |     2 |     3 |     2 ||     7
  Eat: Ration            |       |     1 |     1 ||     2
Armor: Robe              |    10 |    13 |     8 ||    31
Dodge: Dodged            |   126 |   109 |    76 ||   311

Table legend:
 A = Spawn XP
 B = Non-spawn XP
 C = Spawn XP percentage of total XP
 D = Spawn monster count
 E = Non-spawn monster count
 F = Spawn count percentage of total count
 G = Total turns spent on level
                    A         B        C        D         E        F      G
               +---------+---------+-------+---------+---------+-------+---------
         Total |       0 |    1085 |   0.0 |       0 |     100 |   0.0 |  5497
               +---------+---------+-------+---------+---------+-------+---------
           D:1 |       0 |      32 |   0.0 |       0 |      21 |   0.0 |  1170
           D:2 |       0 |      96 |   0.0 |       0 |      20 |   0.0 |  1059
           D:3 |       0 |     182 |   0.0 |       0 |      22 |   0.0 |   779
           D:4 |       0 |     103 |   0.0 |       0 |       6 |   0.0 |   480
           D:5 |       0 |     456 |   0.0 |       0 |      12 |   0.0 |   848
           D:6 |       0 |     206 |   0.0 |       0 |       9 |   0.0 |   764
       Ossuary |       0 |      10 |   0.0 |       0 |      10 |   0.0 |   258
               +---------+---------+-------+---------+---------+-------+---------
